 Dungeon Crawl Stone Soup version 0.30-a0-881-g1ff12e1e11 (webtiles) character file.

Game seed: 8285985221525069897

43962 Zenkrye the Fighter (level 14, -16/120 HPs)
             Began as a Human Cinder Acolyte on Mar 14, 2023.
             Was a High Priest of Ignis.
             Demolished by an orc knight
             ... wielding a +2 battleaxe
              (41 damage)
             ... on level 1 of the Orcish Mines.
             The game lasted 00:41:09 (18383 turns).

Zenkrye the Fighter (Human Cinder Acolyte)         Turns: 18383, Time: 00:41:10

Health: -16/120    AC: 21    Str: 22    XL:     14   Next: 63%
Magic:  15/15      EV:  6    Int: 16    God:    Ignis [*****.]
Gold:   1027       SH:  6    Dex: 12    Spells: 13/15 levels left

rFire   + . .      SeeInvis .    C - +0 trident (elec)
rCold   . . .      Faith    .    h - +1 buckler of the Original Sin {Dex+4 Slay+2}
rNeg    . . .      Spirit   .    y - +0 plate armour
rPois   +          Reflect  .    l - +2 helmet
rElec   .          Rampage  .    (no cloak)
rCorr   .                        j - +0 pair of gloves of True Grit {Slay+5}
Will    +....                    d - +0 pair of boots Stlth
                                 M - amulet of the acrobat
HPRegen 0.40/turn                a - ring "Luick" {rPois Str+3 Slay+4}
MPRegen 0.14/turn                s - +4 ring of slaying

@: invisible
A: no striking features
a: Renounce Religion, Fiery Armour, Foxfire Swarm, Rising Flame


You were on level 1 of the Orcish Mines.
You worshipped Ignis.
Ignis was extremely pleased with you.
You visited 3 branches of the dungeon, and saw 18 of its levels.
You also visited: Ossuary.

You collected 1027 gold pieces.

Inventory:

Hand Weapons
 w - a +0 trident
 C - a +0 trident of electrocution (weapon)
Missiles
 b - 3 atropa-tipped darts
 m - 15 javelins
 t - 18 poisoned darts
 H - 10 boomerangs (quivered)
 J - a throwing net {!f}
Armour
 d - a +0 pair of boots (worn)
 h - the +1 buckler of the Original Sin (worn) {Dex+4 Slay+2}
   (You acquired it on level 2 of the Dungeon)

   Dex:       It affects your dexterity (+4).
   Slay:      It affects your accuracy & damage with ranged weapons and melee
   (+2).
 j - the +0 pair of gloves of True Grit (worn) {Slay+5}
   (You found it on level 2 of the Dungeon)

   Slay:      It affects your accuracy & damage with ranged weapons and melee
   (+5).
 l - a +2 helmet (worn)
 y - a +0 plate armour (worn)
 G - a +0 tower shield
Jewellery
 a - the ring "Luick" (left hand) {rPois Str+3 Slay+4}
   (You found it on level 2 of the Lair of Beasts)

   [ring of slaying]

   Str:       It affects your strength (+3).
   Slay:      It affects your accuracy & damage with ranged weapons and melee
   (+4).
   rPois:     It protects you from poison.
 f - a ring of protection from fire
 s - a +4 ring of slaying (right hand)
 M - an amulet of the acrobat (around neck)
 R - the ring "Qantust" {Drain rF+ Dex+6 SInv}
   (You found it on level 10 of the Dungeon)

   [ring of dexterity]

   Dex:       It affects your dexterity (+6).
   rF:        It protects you from fire.
   SInv:      It lets you see invisible.
   Drain:     It drains your maximum health when unequipped.
 W - a ring of protection from cold
Wands
 u - a wand of flame (45)
 D - a wand of iceblast (21) {@v4}
 P - a wand of acid (16) {@v2}
 U - a wand of digging (9) {@v1}
Scrolls
 p - 4 scrolls of teleportation {@r3}
 A - 5 scrolls of poison
 K - a scroll of enchant armour
 O - 3 scrolls of immolation
 Q - 2 scrolls of enchant weapon
 S - 3 scrolls of fog
 V - a scroll of amnesia
Potions
 e - 2 potions of resistance {@q6}
 g - 6 potions of mutation
 k - a potion of cancellation
 n - a potion of berserk rage
 q - 7 potions of haste {@q3}
 v - 2 potions of might {@q4}
 z - 3 potions of brilliance
 B - 7 potions of curing {@q1}
 I - a potion of magic
 L - 2 potions of ambrosia
 N - a potion of heal wounds {@q2}
 T - 4 potions of lignification {unknown}


   Skills:
 * Level 14.1 Fighting
 - Level 14.0 Polearms
 + Level 11.3 Armour
 + Level 5.7 Shields
 - Level 1.0 Spellcasting
 - Level 3.0 Fire Magic
 + Level 8.4 Evocations


You had 13 spell levels left.
You knew the following spells:

 Your Spells              Type           Power      Damage    Failure   Level
a - Scorch                Fire           20%        2d6       85%         2

Your spell library contained the following spells:

 Spells                   Type           Power      Damage    Failure   Level
 Blink                    Tloc           0%         N/A       99%         2
 Portal Projectile        Hex/Tloc       0%         N/A       100%        3
 Tukima's Dance           Hex            0%         N/A       100%        3
 Manifold Assault         Tloc           0%         N/A       100%        4
 Petrify                  Tmut/Erth      0%         N/A       100%        4
 Blade Hands              Tmut           0%         N/A       100%        5
 Metabolic Englaciation   Hex/Ice        0%         N/A       100%        5
 Statue Form              Tmut/Erth      0%         N/A       100%        6
 Storm Form               Tmut/Air       0%         N/A       100%        7


Dungeon Overview and Level Annotations

Branches:
Dungeon (11/15)            Temple (0/1) D:6            Lair (5/5) D:9
  Swamp (0/4) Lair:3       Spider (0/4) Lair:2        Slime (0/5) Lair:4
    Orc (2/2) D:11        Ossuary (visited)
    Elf: Orc:2

Altars:
Cheibriados
Gozag
Hepliaklqana
Makhleb
Qazlal
Sif Muna
Uskayaw
Xom
Yredelemnul

Annotations:
Lair:5 Kirke


Message History

You puncture the orc knight!
The orc knight is lightly wounded.
You puncture the orc knight!
The orc knight is moderately wounded.
The orc knight hits you but does no damage.
You block the orc's attack. The troll bites you but does no damage.
The troll barely misses you. x2
You puncture the orc knight!
The orc knight is heavily wounded.
The orc knight roars a battlecry!
The orc goes into a battle-frenzy!
The orc hits you but does no damage. The troll bites you but does no damage.
The troll claws you but does no damage. x2
You puncture the orc knight!
The orc knight is heavily wounded.
You closely miss the orc knight.
The orc knight is heavily wounded.
The orc knight hits you with a +2 battleaxe!
The orc hits you with a +0 falchion. The troll barely misses you.
The troll claws you but does no damage. x2
You impale the orc!!
You kill the orc!
You hit the troll.
The troll is lightly wounded.
The orc knight completely misses you. The troll bites you.
The troll claws you but does no damage. x2
You puncture the troll!
The troll is heavily wounded.
The orc knight hits you with a +2 battleaxe!!
* * * LOW HITPOINT WARNING * * *
You block the troll's attack. The troll claws you but does no damage.
You block the troll's attack.
You feel much better.
The orc knight hits you with a +2 battleaxe!
* * * LOW HITPOINT WARNING * * *
You block the troll's attack. The troll claws you but does no damage.
The troll completely misses you.
You fade into invisibility!
The orc knight hits you with a +2 battleaxe!!!
You die...

#### #####..##
##T#.....####
#@o....#....##
##)....#.....##
#.#..####.....#
##.#...###....##
##.......#...###
###.#.###..[...#
#.#...###....###
##.....###...#
####...[...######


You could see an orc knight (strong, unable to see you) and a troll (unable to
see you).

Vanquished Creatures
  An orc warlord (Orc:1)
  Harold (D:9)
  A catoblepas (Lair:4)
  3 hydras
  Erica (D:8)
  A two-headed ogre (D:11)
  A boulder beetle (Lair:2)
  A lindwurm (Lair:3)
  4 bog bodies (Lair:3)
  Pikel (D:7)
  A cyclops (D:11)
  2 orc sorcerers (Orc:1)
  14 elephants
  7 cane toads
  Maggie (D:10)
  A rime drake (Lair:1)
  4 komodo dragons
  A polar bear (Lair:2)
  4 trolls
  2 hornets
  A dream sheep (Lair:4)
  15 blink frogs
  2 jumping spiders (Lair:2)
  2 shadows (D:11)
  4 culicivoras (Lair:2)
  2 wraiths (D:10)
  Grum (D:11)
  62 yaks
  4 wyverns
  2 basilisks (Lair:4)
  3 steam dragons
  5 vampire mosquitoes
  A warg (D:11)
  3 redbacks (Lair:2)
  A swamp worm (Lair:3)
  12 water moccasins
  An acid dragon (D:10)
  A black bear (D:7)
  9 orc warriors
  An ice beast (D:6)
  A sky beast (D:8)
  3 ogres
  A centaur (D:7)
  18 wolves
  2 lemures (D:7)
  An elf zombie (Ossuary)
  12 bullfrogs
  2 kobold brigands
  4 scorpions
  24 killer bees
  9 electric eels
  3 howler monkeys
  14 orc priests
  5 centaur zombies (Ossuary)
  3 hounds
  A gnoll bouda (D:5)
  A human zombie (Ossuary)
  4 jellies
  3 iguanas
  Ijyb (D:4)
  4 hell rats (Lair:3)
  18 orc wizards
  3 mummies
  4 gnolls
  11 adders
  A white imp (D:7)
  An adder zombie (Ossuary)
  3 worms
  3 dart slugs
  47 orcs
  2 bats
  6 endoplasms
  4 giant cockroaches
  5 hobgoblins
  3 quokkas
  4 ball pythons
  5 frilled lizards
  6 goblins
  11 hobgoblin zombies
  A jackal zombie (Ossuary)
  18 kobolds
  9 kobold zombies
  9 orc zombies (Ossuary)
  8 rats
  A rat zombie (Ossuary)
483 creatures vanquished.

Vanquished Creatures (others)
  3 bushes (Lair:5)
  55 fungi
  125 plants
183 creatures vanquished.

Grand Total: 666 creatures vanquished

Notes
Turn   | Place    | Note
-------+----------+-------------------------------------------
     0 | D:1      | Zenkrye the Human Cinder Acolyte began the quest for the
                  | Orb.
     0 | D:1      | Reached XP level 1. HP: 18/18 MP: 2/2
   126 | D:1      | Reached XP level 2. HP: 24/24 MP: 3/3
   129 | D:1      | Learned a level 2 spell: Scorch
   753 | D:2      | Reached XP level 3. HP: 24/29 MP: 1/4
   862 | D:2      | Reached XP level 4. HP: 28/35 MP: 0/5
  1034 | D:2      | Identified the +0 pair of gloves of True Grit {Slay+5}
  1258 | D:2      | Reached skill level 5 in Polearms
  1394 | D:2      | Reached XP level 5. HP: 34/41 MP: 3/6
  1657 | D:2      | Identified a scroll of acquirement
  1657 | D:2      | Acquired the +1 buckler of the Original Sin {Dex+4 Slay+2}
  1719 | D:3      | Identified the +0 robe of Wu Jian's Reproof {Stlth+}
  1852 | D:3      | Noticed Sigmund
  2163 | D:3      | Reached skill level 1 in Shields
  2174 | D:3      | Reached XP level 6. HP: 24/47 MP: 7/7
  2484 | D:3      | Sigmund changed into Sigmund the gnoll
  2484 | D:3      | Noticed Sigmund
  2489 | D:3      | Killed Sigmund the gnoll
  3111 | D:4      | Noticed Ijyb
  3127 | D:4      | Killed Ijyb
  3128 | D:4      | Reached XP level 7. HP: 45/52 MP: 5/8
  3579 | D:5      | Entered Level 5 of the Dungeon
  3905 | D:5      | Found a shimmering altar of Xom.
  3905 | D:5      | Found an opulent altar of Gozag.
  4616 | D:6      | Found a hazy altar of Hepliaklqana.
  4636 | D:6      | Reached XP level 8. HP: 33/58 MP: 9/9
  5058 | D:6      | Found a staircase to the Ecumenical Temple.
  5136 | D:6      | Reached skill level 5 in Shields
  5139 | D:6      | Reached XP level 9. HP: 63/63 MP: 10/10
  5172 | D:6      | Found a sand-covered staircase.
  5177 | Ossuary  | Entered an ossuary
  5317 | Ossuary  | Reached skill level 10 in Polearms
  5476 | D:6      | Found a burning altar of Makhleb.
  5720 | D:6      | Found a stormy altar of Qazlal.
  6777 | D:7      | Reached XP level 10. HP: 32/70 MP: 11/11
  7201 | D:7      | Noticed Pikel
  7241 | D:7      | Killed Pikel
  7242 | D:7      | Reached skill level 1 in Armour
  7242 | D:7      | Reached skill level 1 in Evocations
  7610 | D:8      | Noticed Erica
  7623 | D:8      | Killed Erica
  7823 | D:8      | Reached skill level 5 in Fighting
  7826 | D:8      | Reached XP level 11. HP: 72/79 MP: 12/12
  8214 | D:9      | Noticed Harold
  8226 | D:9      | Killed Harold
  8670 | D:9      | Found a staircase to the Lair.
  8789 | D:9      | Reached skill level 5 in Evocations
  8796 | D:9      | Reached skill level 5 in Armour
  9015 | D:9      | Found a basalt altar of Yredelemnul.
  9019 | D:9      | Found a hide-covered altar of Uskayaw.
  9612 | D:10     | Entered Level 10 of the Dungeon
  9901 | D:10     | Found a shimmering blue altar of Sif Muna.
  9951 | D:10     | Noticed Maggie
  9970 | D:10     | Killed Maggie
  9974 | D:10     | Reached XP level 12. HP: 32/91 MP: 13/13
 10258 | D:10     | Identified the ring "Qantust" {Drain rF+ Dex+6 SInv}
 10522 | D:10     | Found a snail-covered altar of Cheibriados.
 10732 | D:11     | Found a staircase to the Orcish Mines.
 11330 | D:11     | Noticed Grum
 11351 | D:11     | Killed Grum
 11485 | D:11     | Noticed a two-headed ogre
 11489 | D:11     | Killed a two-headed ogre
 11859 | Lair:1   | Entered Level 1 of the Lair of Beasts
 11958 | Lair:1   | Noticed a four-headed hydra
 11966 | Lair:1   | Killed a four-headed hydra
 12769 | Lair:2   | Found a hole to the Spider Nest.
 12774 | Lair:2   | Identified the ring "Luick" {rPois Str+3 Slay+4}
 12798 | Lair:2   | Reached XP level 13. HP: 95/101 MP: 14/14
 13134 | Lair:2   | Reached skill level 10 in Fighting
 14730 | Lair:3   | Noticed a five-headed hydra
 14735 | Lair:3   | Killed a five-headed hydra
 14953 | Lair:3   | Found a staircase to the Swamp.
 15331 | Lair:3   | Reached skill level 10 in Armour
 15926 | Lair:4   | Reached XP level 14. HP: 92/116 MP: 15/15
 16312 | Lair:4   | Found a staircase to the Slime Pits.
 16859 | Lair:5   | Entered Level 5 of the Lair of Beasts
 17634 | Lair:5   | Noticed Kirke
 17842 | Orc:1    | Entered Level 1 of the Orcish Mines
 17926 | Orc:2    | Entered Level 2 of the Orcish Mines
 17926 | Orc:2    | Noticed an orc warlord
 17947 | Orc:1    | Killed an orc warlord
 18383 | Orc:1    | Demolished by an orc knight

Illustrated notes

Levels and vault maps discovered:
D:1:      tarquinn_simple_flora_water_f, layout_basic,
          chequers_serial_rivers_large_b
D:2:      layout_basic, minmay_heptomino_w4
D:3:      layout_basic, uniq_sigmund
D:4:      layout_basic, uniq_ijyb
D:5:      layout_basic, gammafunk_temple_overflow_elements
D:6:      layout_layer_cave, mainiacjoe_overflow_alcove_2, old_standard_altar,
          mainiacjoe_overflow_alcove_1, minmay_temple_entry_purple_smoke,
          nicolae_ossuary_entry_giza, minivault_14
D:7:      minmay_general_purpose_star, layout_rooms, serial_glass,
          glass_columns_c, glass_columns_a, kennysheep_generic_room_8,
          uniq_pikel
D:8:      layout_loops_ring, st_stairs_4, uniq_erica
D:9:      wad_lake_hut, layout_irregular_city, nicolae_overflow_squiral,
          dpeg_oklobed_lair, uniq_harold
D:10:     layout_loops_corners, nicolae_sif_muna_little_library, slow_altar_1,
          corner_web_ring, uniq_maggie
D:11:     layout_irregular_city, david_orc_3, kennysheep_potato, uniq_grum
Lair:1:   layout_roguey
Lair:2:   layout_regular_city, nicolae_spider_entry_tight_spaces,
          beast_lair_carwin_5, serial_bayou_shore_b, lemuel_fruit_fields,
          infiniplex_staircase_pool, serial_bayou_shore_b, lemuel_fruit_tree
Lair:3:   layout_layer_cave, nicolae_swamp_entry_splash_gauntlet,
          gauntlet_entry_generic, serial_bayou_shore_a
Lair:4:   layout_regular_city, slime_entry_1, fungi_pond_lemuel,
          serial_bayou_pond_e, beast_lair_carwin_11
Lair:5:   minmay_lair_end_frog_pond, layout_loops_ring, uniq_kirke
Orc:1:    layout_diamond_mine, basic_altar, serial_shops,
          nicolae_shop_temple_entry_statues_fountains
Orc:2:    grunt_orc_gardens, layout_diamond_mine, grunt_orc_garden,
          grunt_orc_garden, grunt_orc_garden, grunt_orc_garden,
          hellmonk_bongcloud_opening, bh_open_orc_temple

Skill      XL: |  1  2  3  4  5  6  7  8  9 10 11 12 13 14 |
---------------+-------------------------------------------+-----
Polearms       | 4 5 6 7 9 12 13 14 | 14.0
Shields        | 1 2 3 5 |  5.7
Armour         | 3 6 8 10 11 | 11.3
Evocations     | 3 5 8 |  8.4
Fighting       | 5 7 9 12 14 | 14.1
Spellcasting   | |  1.0
Fire Magic     | |  3.0

Action                     |  1- 3 |  4- 6 |  7- 9 | 10-12 | 13-15 || total
---------------------------+-------+-------+-------+-------+-------++-------
  Melee: Spear             |    63 |   142 |   298 |   151 |       ||   654
         Trident           |       |       |       |   365 |   519 ||   884
  Throw: Boomerang         |       |     8 |    16 |    11 |     8 ||    43
         Dart              |       |       |     3 |    18 |    27 ||    48
         Javelin           |       |       |     2 |     3 |       ||     5
   Cast: Scorch            |     3 |     2 |     6 |       |       ||    11
  Evoke: Wand              |       |     2 |     1 |     6 |    11 ||    20
    Use: Scroll            |     4 |     7 |    10 |     7 |     3 ||    31
         Potion            |       |       |     3 |     2 |     3 ||     8
   Stab: Sleeping          |     1 |       |       |       |       ||     1
 Armour: Robe              |     8 |     8 |       |       |       ||    16
         Leather armour    |       |    11 |       |       |       ||    11
         Ring mail         |       |     1 |    16 |       |       ||    17
         Scale mail        |       |       |    35 |       |       ||    35
         Chain mail        |       |       |    15 |       |       ||    15
         Plate armour      |       |       |     7 |   134 |   246 ||   387
  Dodge: Dodged            |    22 |    27 |    52 |    62 |   125 ||   288
  Block: Buckler           |       |     8 |    37 |    73 |   117 ||   235

Table legend: (Time is in decaauts)
 A = Elapsed time spent in this place.
 B = Non-inter-level travel time spent in this place.
 C = Inter-level travel time spent in this place.
 D = Time resting spent in this place.
 E = Time spent auto-exploring this place.
 F = Levels seen in this place.
 G = Mean time per level.
                   A        B        C        D        E       F      G
               +--------+--------+--------+--------+--------+-----+--------+
         Total |  17983 |  17281 |    702 |   2454 |  12140 |  19 |  946.5 |
       Dungeon |  11507 |  11011 |    496 |   1541 |   7831 |  11 | 1046.1 |
          Lair |   5741 |   5545 |    196 |    742 |   4022 |   5 | 1148.2 |
  Orcish Mines |    516 |    507 |      9 |    170 |    201 |   2 |  258.0 |
       Ossuary |    217 |    217 |      0 |      0 |     85 |   1 |  217.0 |
               +--------+--------+--------+--------+--------+-----+--------+

Top non-repeatable levels by time:
  Lair:4: 1666 daAuts
  Lair:3: 1569 daAuts
     D:9: 1421 daAuts
  Lair:2: 1286 daAuts
    D:10: 1220 daAuts
     D:6: 1211 daAuts
     D:7: 1167 daAuts
     D:5: 1078 daAuts
    D:11: 1021 daAuts
     D:4: 947 daAuts
     D:2: 941 daAuts
     D:3: 924 daAuts
  Lair:1: 898 daAuts
     D:8: 804 daAuts
     D:1: 768 daAuts
